 Seeded DCSS version 0.30-a0-377-g5cb311bc9f (webtiles) character file.

Game seed: 20221204 (custom seed)

328 McGhostyFace the Fighter (level 6, 0/62 HPs)
             Began as a Gnoll Wanderer on Dec 1, 2022.
             Was an Initiate of Nemelex Xobeh.
             Slain by a gnoll sergeant
             ... wielding a +0 spear of venom
              (4 damage)
             ... on level 5 of the Dungeon.
             The game lasted 00:07:26 (3979 turns).

McGhostyFace the Fighter (Gnoll Wanderer)           Turns: 3979, Time: 00:07:26

Health: 0/62       AC: 13    Str: 11    XL:     6   Next: 50%
Magic:  11/11      EV:  6    Int: 12    God:    Nemelex Xobeh [......]
Gold:   209        SH:  0    Dex: 13    Spells: 12/12 levels left

rFire   + . .      SeeInvis +    i - +0 mace
rCold   + . .      Faith    .    (no shield)
rNeg    . . .      Spirit   .    e - +0 chain mail
rPois   +          Reflect  .    b - +2 helmet {SInv}
rElec   +          Harm     .    (no cloak)
rCorr   +          Rampage  .    (no gloves)
Will    .....                    (no boots)
Stlth   ..........               (no amulet)
HPRegen 0.30/turn                (no ring)
MPRegen 0.12/turn                p - ring of poison resistance

@: lethally poisoned (0 -> 0), resistant
A: fangs 1, strong nose, distributed training, robust 1
a: Renounce Religion, Draw Escape, Draw Destruction, Draw Summoning


You were on level 5 of the Dungeon.
You worshipped Nemelex Xobeh.
Nemelex Xobeh was noncommittal.
You visited 1 branch of the dungeon, and saw 5 of its levels.

You collected 209 gold pieces.

Inventory:

Hand Weapons
 a - a +0 dagger
 i - a +0 mace (weapon)
Missiles
 q - 6 boomerangs (quivered)
 u - 4 javelins
Armour
 b - a +2 helmet of see invisible (worn)
 e - a +0 chain mail (worn)
Jewellery
 p - a ring of poison resistance (right hand)
 s - a ring of magical power
Wands
 z - a wand of flame (23)
Scrolls
 d - a scroll of fear
 h - 2 scrolls of vulnerability {unknown}
 j - 2 scrolls of identify {unknown}
 k - a scroll of brand weapon {unknown}
 l - a scroll of blinking {unknown}
 o - a scroll of acquirement {unknown}
 r - 2 scrolls of amnesia {unknown}
 w - a scroll of poison {unknown}
 x - a scroll of enchant weapon {unknown}
 y - a scroll of immolation {unknown}
Potions
 m - 2 potions of mutation
 t - 2 potions of cancellation {unknown}
 v - a potion of heal wounds {unknown}


   Skills:
 + Level 8.8 Fighting
 + Level 2.1 Short Blades
 + Level 2.1 Long Blades
 + Level 2.1 Axes
 + Level 2.1 Maces & Flails
 + Level 2.1 Polearms
 + Level 2.1 Staves
 + Level 2.1 Ranged Weapons
 + Level 3.3 Throwing
 + Level 6.9 Armour
 + Level 2.1 Dodging
 + Level 2.1 Stealth
 + Level 2.1 Shields
 + Level 2.1 Unarmed Combat
 + Level 3.5 Spellcasting
 + Level 1.6 Conjurations
 + Level 1.6 Hexes
 + Level 1.6 Summonings
 + Level 1.6 Necromancy
 + Level 1.6 Translocations
 + Level 1.6 Transmutations
 + Level 1.6 Fire Magic
 + Level 1.6 Ice Magic
 + Level 1.6 Air Magic
 + Level 1.6 Earth Magic
 + Level 1.6 Poison Magic
 + Level 2.3 Invocations
 + Level 3.3 Evocations


You had 12 spell levels left.
You didn't know any spells.
Your spell library contained the following spells:

 Spells                   Type           Power      Damage    Failure   Level
 Ozocubu's Armour         Ice            6%         N/A       100%        3
 Ozocubu's Refrigeration  Ice            3%         4d8       100%        7


Dungeon Overview and Level Annotations

Branches:
Dungeon (5/15)
 Temple: D:4-7

Altars:
Kikubaaqudgha
Nemelex Xobeh
Ru
Trog
Uskayaw
Wu Jian
Xom

Shops:
D:2 [


Innate Abilities, Weirdness & Mutations

You have very sharp teeth.
Your uncanny sense of smell can sniff out nearby items.
Your experience applies equally to all skills.
You are robust. (+10% HP)


Message History

You barely miss the gnoll sergeant.
The gnoll sergeant is moderately wounded.
You feel sick.
The gnoll sergeant hits you with a +0 spear of venom!
You hit the gnoll sergeant.
The gnoll sergeant is moderately wounded.
You feel sick.
The gnoll sergeant hits you but does no damage.
You hit the gnoll sergeant but do no damage.
The gnoll sergeant is moderately wounded.
You feel sick.
The gnoll sergeant hits you but does no damage.
You are more poisoned.
The gnoll sergeant hits you with a +0 spear of venom.
You hit the gnoll sergeant but do no damage.
The gnoll sergeant is moderately wounded.
You feel very sick. The gnoll sergeant barely misses you.
You feel protected.
You feel sick. The gnoll sergeant barely misses you.
You hit the gnoll sergeant.
The gnoll sergeant is heavily wounded.
You feel sick. The gnoll sergeant barely misses you.
You hit the gnoll sergeant.
The gnoll sergeant is heavily wounded.
You feel sick.
The gnoll sergeant hits you but does no damage.
The gnoll sergeant hits you with a +0 spear of venom.
* * * LOW HITPOINT WARNING * * *
You hit the gnoll sergeant but do no damage.
The gnoll sergeant is heavily wounded.
You feel sick.
The gnoll sergeant hits you with a +0 spear of venom!
* * * LOW HITPOINT WARNING * * *
You closely miss the gnoll sergeant.
The gnoll sergeant is heavily wounded.
You feel sick.
The gnoll sergeant hits you with a +0 spear of venom.
You die...
Your body disappears without a glow.

### ....####
.......##################
............ooog@.......######
....##.#############.........#
....##....?. #.###'###.##
#...oo... #.# #.# #..#
####....#####.# #.###.###..#
...'....<.....# #.'.._###..#
.............## #.###.###..#
..#########..... #.# #.# #..#
### .##(((##..## #.###+###..#


You could see a gnoll sergeant, an orc wizard (invisible) and 2 orcs.

Vanquished Creatures
  3 hounds
  2 orc priests (D:4)
  Terence (D:2)
  An iguana (D:5)
  A gnoll (D:5)
  3 adders
  A shadow imp (D:4)
  A white imp (D:5)
  3 orcs
  7 ball pythons
  8 endoplasms
  A giant cockroach (D:4)
  17 goblins
  11 hobgoblins
  4 kobolds
  A quokka (D:2)
  5 bats
  3 frilled lizards
  4 rats (D:3)
77 creatures vanquished.

Notes
Turn   | Place    | Note
-------+----------+-------------------------------------------
     0 | D:1      | McGhostyFace the Gnoll Wanderer began the quest for the
                  | Orb.
     0 | D:1      | McGhostyFace set off with the following items: a +0 dagger,
                  | a potion of lignification, a scroll of butterflies, a
                  | scroll of fear, a +0 chain mail.
     0 | D:1      | Reached XP level 1. HP: 26/26 MP: 4/4
    85 | D:1      | Reached XP level 2. HP: 29/33 MP: 5/5
   603 | D:1      | Reached XP level 3. HP: 38/38 MP: 7/7
   890 | D:1      | Found a shimmering altar of Xom.
  1051 | D:2      | Reached skill level 1 in Invocations
  1060 | D:2      | Noticed Terence
  1082 | D:2      | Killed Terence
  1083 | D:2      | Reached skill level 1 in Short Blades
  1083 | D:2      | Reached skill level 1 in Long Blades
  1083 | D:2      | Reached skill level 1 in Axes
  1083 | D:2      | Reached skill level 1 in Maces & Flails
  1083 | D:2      | Reached skill level 1 in Polearms
  1083 | D:2      | Reached skill level 1 in Staves
  1083 | D:2      | Reached skill level 1 in Ranged Weapons
  1083 | D:2      | Reached skill level 1 in Dodging
  1083 | D:2      | Reached skill level 1 in Stealth
  1083 | D:2      | Reached skill level 1 in Shields
  1083 | D:2      | Reached skill level 1 in Unarmed Combat
  1083 | D:2      | Reached XP level 4. HP: 38/45 MP: 8/8
  1363 | D:2      | Found Cilla's Antique Armour Emporium.
  1490 | D:2      | Reached skill level 1 in Conjurations
  1490 | D:2      | Reached skill level 1 in Hexes
  1490 | D:2      | Reached skill level 1 in Summonings
  1490 | D:2      | Reached skill level 1 in Necromancy
  1490 | D:2      | Reached skill level 1 in Translocations
  1490 | D:2      | Reached skill level 1 in Transmutations
  1490 | D:2      | Reached skill level 1 in Fire Magic
  1490 | D:2      | Reached skill level 1 in Ice Magic
  1490 | D:2      | Reached skill level 1 in Air Magic
  1490 | D:2      | Reached skill level 1 in Earth Magic
  1490 | D:2      | Reached skill level 1 in Poison Magic
  1709 | D:3      | Found an ornate altar of the Wu Jian Council.
  1952 | D:3      | Found a sacrificial altar of Ru.
  2008 | D:3      | Identified the ring "Viet Coa" {rF+ rN+ MP+9}
  2286 | D:3      | Found a bloodstained altar of Trog.
  2532 | D:4      | Reached XP level 5. HP: 34/51 MP: 9/9
  2940 | D:4      | Found an ancient bone altar of Kikubaaqudgha.
  3361 | D:4      | You fall into a shaft and drop 1 floor!
  3361 | D:5      | Entered Level 5 of the Dungeon
  3368 | D:5      | Noticed a +0 spear
  3370 | D:5      | Noticed a +0 short sword
  3387 | D:5      | Reached XP level 6. HP: 12/57 MP: 11/11
  3389 | D:5      | Gained mutation: You are robust. (+10% HP) [potion of
                  | mutation]
  3429 | D:5      | Noticed a +0 short sword
  3431 | D:5      | Noticed a +0 dagger
  3432 | D:5      | Noticed a +0 falchion
  3432 | D:5      | Noticed a +0 falchion
  3432 | D:5      | Noticed a +0 dagger
  3432 | D:5      | Noticed a +0 spear
  3434 | D:5      | Found a hide-covered altar of Uskayaw.
  3909 | D:5      | Found a sparkling altar of Nemelex Xobeh.
  3924 | D:5      | Became a worshipper of Nemelex Xobeh the Trickster
  3979 | D:5      | Slain by a gnoll sergeant

Illustrated notes

Levels and vault maps discovered:
D:1:      dpeg_arrival_water_altar, layout_basic
D:2:      layout_basic, serial_shops, nicolae_shop_crystal, uniq_terence
D:3:      layout_basic, marbit_many_paths, trog_hazing_becter,
          mainiacjoe_overflow_paths, grunt_ministairs_12
D:4:      cheibrodos_greedy_goblins, layout_cave_pools, kiku_gazebo_pond_becter,
          minivault_14
D:5:      layout_basic, nicolae_uskayaw_en_pointe, lemuel_doored_altar,
          lemuel_tele_altar, minmay_temple_entry_grid, minmay_shop_mayhem,
          nzn_random_ring, uniq_pikel

Skill      XL: |  1  2  3  4  5  6 |
---------------+-------------------+-----
Invocations    | 1 2 |  2.3
Short Blades   | 1 2 |  2.1
Long Blades    | 1 2 |  2.1
Axes           | 1 2 |  2.1
Maces & Flails | 1 2 |  2.1
Polearms       | 1 2 |  2.1
Staves         | 1 2 |  2.1
Ranged Weapons | 1 2 |  2.1
Dodging        | 1 2 |  2.1
Stealth        | 1 2 |  2.1
Shields        | 1 2 |  2.1
Unarmed Combat | 1 2 |  2.1
Spellcasting   | 3 |  3.5
Conjurations   | 1 |  1.6
Hexes          | 1 |  1.6
Summonings     | 1 |  1.6
Necromancy     | 1 |  1.6
Translocations | 1 |  1.6
Transmutations | 1 |  1.6
Fire Magic     | 1 |  1.6
Ice Magic      | 1 |  1.6
Air Magic      | 1 |  1.6
Earth Magic    | 1 |  1.6
Poison Magic   | 1 |  1.6
Throwing       | 3 |  3.3
Evocations     | 3 |  3.3
Fighting       | |  8.8
Armour         | |  6.9

Action                   |  1- 3 |  4- 6 || total
-------------------------+-------+-------++-------
Melee: Dagger            |    83 |       ||    83
       Bite              |    15 |    22 ||    37
       Punch             |     3 |     4 ||     7
       Mace              |    66 |   199 ||   265
Throw: Boomerang         |       |    16 ||    16
Evoke: Wand              |       |     1 ||     1
  Use: Potion            |     1 |     5 ||     6
       Scroll            |       |     2 ||     2
Armor: Chain mail        |   135 |   224 ||   359
       Skin              |     8 |       ||     8
Dodge: Dodged            |    43 |    98 ||   141

Table legend: (Time is in decaauts)
 A = Elapsed time spent in this place.
 B = Non-inter-level travel time spent in this place.
 C = Inter-level travel time spent in this place.
 D = Time resting spent in this place.
 E = Time spent auto-exploring this place.
 F = Levels seen in this place.
 G = Mean time per level.
                   A        B        C        D        E       F      G
               +--------+--------+--------+--------+--------+-----+--------+
         Total |   4073 |   4004 |     69 |   1110 |   1919 |   5 |  814.6 |
       Dungeon |   4073 |   4004 |     69 |   1110 |   1919 |   5 |  814.6 |
               +--------+--------+--------+--------+--------+-----+--------+

Top non-repeatable levels by time:
     D:4: 1477 daAuts
     D:1: 963 daAuts
     D:2: 748 daAuts
     D:3: 691 daAuts
     D:5: 193 daAuts
